 Dungeon Crawl Stone Soup version 0.30-a0-134-gb40fab5c76 (webtiles) character file.

Game seed: 3225534098304590378

4 Nedwor the Trooper (level 1, 0/18 HPs)
             Began as a Demonspawn Fighter on Sept 20, 2022.
             Slain by a jackal (3 damage)
             ... on level 1 of the Dungeon.
             The game lasted 00:00:16 (108 turns).

Nedwor the Trooper (Demonspawn Fighter)              Turns: 108, Time: 00:00:16

Health: 0/18       AC:  6    Str: 16    XL:     1   Next: 58%
Magic:  1/1        EV:  8    Int:  9    God:
Gold:   12         SH:  4    Dex: 12    Spells: 0/0 levels left

rFire   . . .      SeeInvis .    a - +0 long sword
rCold   . . .      Faith    .    c - +0 buckler
rNeg    . . .      Spirit   .    b - +0 scale mail
rPois   .          Reflect  .    (no helmet)
rElec   .          Harm     .    (no cloak)
rCorr   .          Rampage  .    (no gloves)
Will    .....                    (no boots)
Stlth   ..........               (no amulet)
HPRegen 0.06/turn                (no ring)
MPRegen 0.07/turn                (no ring)

@: no status effects
A: no striking features
a: no special abilities


You were on level 1 of the Dungeon.
You visited 1 branch of the dungeon, and saw 1 of its levels.

You collected 12 gold pieces.

Inventory:

Hand Weapons
 a - a +0 long sword (weapon)
Armour
 b - a +0 scale mail (worn)
 c - a +0 buckler (worn)
Potions
 d - a potion of might
 e - a potion of curing {unknown}
 f - a potion of invisibility {unknown}


   Skills:
 + Level 3.0 Fighting
 * Level 1.9 Long Blades
 + Level 2.7 Armour
 + Level 0.1 Dodging
 + Level 2.7 Shields


You couldn't memorise any spells.
You didn't know any spells.
Your spell library was empty.

Dungeon Overview and Level Annotations

Branches:
Dungeon (1/15)

Altars:


Message History

The quokka bites you.
The jackal bites you but does no damage. x2
The quokka barely misses you. You block the jackal's attack.
Unknown command.
You are too injured to fight recklessly!
Unknown command.
You are too injured to fight recklessly!
Unknown command.
You are too injured to fight recklessly!
Unknown command.
You are too injured to fight recklessly!
Unknown command.
You are too injured to fight recklessly!
Unknown command.
You are too injured to fight recklessly!
Unknown command.
You are too injured to fight recklessly!
You closely miss the jackal. The jackal closely misses you.
The jackal bites you.
The quokka bites you but does no damage.
The jackal bites you but does no damage.
The jackal barely misses you. You block the quokka's attack.
You completely miss the jackal. The jackal bites you.
* * * LOW HITPOINT WARNING * * *
The jackal bites you but does no damage.
The quokka barely misses you. You block the jackal's attack.
The jackal closely misses you.
You barely miss the jackal. The quokka barely misses you.
The jackal barely misses you. The jackal bites you.
* * * LOW HITPOINT WARNING * * *
The quokka closely misses you. The jackal barely misses you.
You closely miss the jackal. The jackal barely misses you.
The jackal completely misses you. The quokka barely misses you.
You block the jackal's attack. The jackal closely misses you.
The quokka barely misses you.
You hit the jackal.
The jackal is moderately wounded.
The jackal bites you but does no damage. x2
You block the quokka's attack. The jackal bites you.
You die... #. #.###### #....).# . ......+ .. #.....## .... hh....

...####r#.####.
......h@h......
....#........## #
#.#........#
#.#..........
#####.#.....##...
#.........(......
#.###.#.....#....
###...........
#......#.....#


You could see a quokka and 4 jackals.

Vanquished Creatures
  A goblin (D:1)
  A jackal (D:1)
  2 bats (D:1)
4 creatures vanquished.

Notes
Turn   | Place    | Note
-------+----------+-------------------------------------------
     0 | D:1      | Nedwor the Demonspawn Fighter began the quest for the Orb.
     0 | D:1      | Reached XP level 1. HP: 18/18 MP: 1/1
   108 | D:1      | Slain by a jackal

Illustrated notes

Levels and vault maps discovered:
D:1:      dpeg_arrival_water_fire, layout_basic,
          hellmonk_ecumenical_altar_run_dry, serial_shops, nicolae_shop_trees

Action                   || total
-------------------------++-------
Melee: Long sword        ||    21
Armor: Scale mail        ||    29
Dodge: Dodged            ||    29
Block: Buckler           ||    10

Table legend: (Time is in decaauts)
 A = Elapsed time spent in this place.
 B = Non-inter-level travel time spent in this place.
 C = Inter-level travel time spent in this place.
 D = Time resting spent in this place.
 E = Time spent auto-exploring this place.
 F = Levels seen in this place.
 G = Mean time per level.
                   A        B        C        D        E       F      G
               +--------+--------+--------+--------+--------+-----+--------+
         Total |    115 |    115 |      0 |      0 |     79 |   1 |  115.0 |
       Dungeon |    115 |    115 |      0 |      0 |     79 |   1 |  115.0 |
               +--------+--------+--------+--------+--------+-----+--------+

Top non-repeatable levels by time:
     D:1: 115 daAuts
